 Dungeon Crawl Stone Soup version 0.28.0-43-g3370ac3207 (webtiles) character file.

Game seed: 7870081009460013003

566016 Peloso the Swordmaster (level 25, -14/257 HPs)
             Began as a Minotaur Fighter on Mar 7, 2022.
             Was the Champion of Okawaru.
             Demolished by Tiamat
             ... wielding a +5 antimagic bardiche
              (63 damage)
             ... on level 1 of the Realm of Zot on Mar 8, 2022.
             The game lasted 03:55:33 (69256 turns).

Peloso the Swordmaster (Minotaur Fighter)          Turns: 69256, Time: 03:55:33

Health: -14/257    AC: 39    Str: 34    XL:     25   Next: 49%
Magic:  0/34       EV: 28    Int:  3    God:    Okawaru [******]
Gold:   8303       SH: 21    Dex: 33    Spells: 24/24 levels left

rFire   + + +      SeeInvis .   b - +8 autumn katana {vorpal, manifold assault}
rCold   + + .      Faith    .   t - +7 buckler "Hoxiwn" {*Slow Str+2 Dex+3}
rNeg    . . .      Spirit   .   N - +9 shadow dragon scales of Tortured Satisfaction {-Cast rElec rC+ Slay+2 Stlth++++}
rPois   +          Reflect  .   o - +2 hat "Raeviegh" {rC+ Regen+ MP+9}
rElec   +          Harm     .   A - +2 cloak {rCorr}
rCorr   +          Rampage  +   x - +1 pair of gloves {Dex+3}
Will    +++..      NoCast   +   z - +1 pair of boots of Untruth {Str+4 Dex+6}
Stlth   +++++++...              q - amulet of Dadgh {Rampage rF+++ Regen+ rCorr Int-2}
HPRegen 2.12/turn               r - ring of Freedom {*Slow rPois Will+ rCorr Dex+6}
MPRegen 0.24/turn               I - ring of the Shining Light {Fly rF+ rCorr}

@: about to teleport, flying
A: horns 2, retaliatory headbutt, strong-willed 1, poison resistance, wild magic
1
}: 3/15 runes: serpentine, barnacled, silver
a: Renounce Religion, Heroism, Finesse, Duel


You were on level 1 of the Realm of Zot.
You worshipped Okawaru.
Okawaru was exalted by your worship.
You visited 11 branches of the dungeon, and saw 48 of its levels.
You visited the Abyss 1 time.
You visited 1 bazaar.
You also visited: Trove, Sewer, Bailey, Ice Cave and Wizlab.

You collected 11585 gold pieces.
You spent 3282 gold pieces at shops.

Inventory:

Hand Weapons
 a - the +7 double sword of Gloom {freeze, rF+ rN+ rCorr Dex+3}
   (You took it off a deep elf blademaster on level 1 of the Elven Halls)

   It freezes those it strikes, dealing additional cold damage.
   It can also slow down cold-blooded creatures.
   Dex:       It affects your dexterity (+3).
   rF:        It protects you from fire.
   rN:        It protects you from negative energy.
   rCorr:     It protects you from acid and corrosion.
 b - the +8 autumn katana (weapon) {vorpal, manifold assault}
   (You bought it in a shop on level 5 of the Dungeon)

   It sometimes launches melee attacks against multiple visible enemies.
 c - a +8 double sword of flaming
 e - the +2 demon blade of Royalism {elec, rElec rC+ Stlth+}
   (Okawaru gifted it to you on level 4 of the Depths)

   It occasionally discharges a powerful burst of electricity upon striking a
   foe.
   rC:        It protects you from cold.
   rElec:     It insulates you from electricity.
   Stlth:     It makes you more stealthy.
Armour
 i - +0 gold dragon scales
 j - +0 ice dragon scales
 o - the +2 hat "Raeviegh" (worn) {rC+ Regen+ MP+9}
   (Okawaru gifted it to you on level 2 of the Orcish Mines)

   rC:        It protects you from cold.
   MP:        It affects your magic capacity (+9).
   Regen:     It increases your rate of health regeneration.
 s - +0 gold dragon scales
 t - the +7 buckler "Hoxiwn" (worn) {*Slow Str+2 Dex+3}
   (Okawaru gifted it to you on level 12 of the Dungeon)

   Str:       It affects your strength (+2).
   Dex:       It affects your dexterity (+3).
   *Slow:     It may slow you when you take damage.
 x - a +1 pair of gloves of dexterity (worn)
 z - the +1 pair of boots of Untruth (worn) {Str+4 Dex+6}
   (You found it on level 3 of the Crypt)

   Str:       It affects your strength (+4).
   Dex:       It affects your dexterity (+6).
 A - a +2 cloak of preservation (worn)
 N - the +9 shadow dragon scales of Tortured Satisfaction (worn) {-Cast rElec rC+ Slay+2 Stlth++++}
   (You found it on level 3 of the Depths)

   Slay:      It affects your accuracy & damage with ranged weapons and melee
   (+2).
   rC:        It protects you from cold.
   rElec:     It insulates you from electricity.
   -Cast:     It prevents spellcasting.
   Stlth:     It makes you much more stealthy.
 P - a +1 cloak of cold resistance
Jewellery
 q - the amulet of Dadgh (around neck) {Rampage rF+++ Regen+ rCorr Int-2}
   (You bought it in a shop in a bazaar)

   [amulet of regeneration]

   Int:       It affects your intelligence (-2).
   rF:        It renders you almost immune to fire.
   Regen:     It increases your rate of health regeneration.
   rCorr:     It protects you from acid and corrosion.
   Rampage:   It bestows one free step when moving towards enemies.
 r - the ring of Freedom (left hand) {*Slow rPois Will+ rCorr Dex+6}
   (You found it in a wizard's laboratory)

   [ring of dexterity]

   Dex:       It affects your dexterity (+6).
   rPois:     It protects you from poison.
   rCorr:     It protects you from acid and corrosion.
   *Slow:     It may slow you when you take damage.
   Will:      It increases your willpower.
 E - the amulet of Foolhardiness {Reflect Str+5 SH+5}
   (You took it off a deep elf high priest on level 4 of the Vaults)

   [amulet of reflection]

   It reflects blocked missile attacks.
   Str:       It affects your strength (+5).
   SH:        It affects your SH (+5).
 I - the ring of the Shining Light (right hand) {Fly rF+ rCorr}
   (You found it on level 5 of the Vaults)

   [ring of protection from fire]

   rF:        It protects you from fire.
   Fly:       It grants you flight.
   rCorr:     It protects you from acid and corrosion.
Wands
 l - a wand of iceblast (7)
 y - a wand of digging (7)
 B - a wand of polymorph (1)
Scrolls
 g - 8 scrolls of fear
 h - 3 scrolls of magic mapping
 k - 15 scrolls of teleportation
 v - a scroll of enchant weapon
 w - 9 scrolls of immolation
 D - a scroll of acquirement
 S - 6 scrolls of blinking
Potions
 d - 4 potions of might
 f - 2 potions of mutation
 m - 8 potions of heal wounds
 n - 14 potions of curing
 p - 3 potions of haste
 R - a potion of resistance
Miscellaneous
 u - a box of beasts


   Skills:
 O Level 27 Fighting
 O Level 27 Long Blades
 + Level 2.5 Axes
 + Level 20.3 Armour
 + Level 17.2 Dodging
 + Level 10.9 Stealth
 O Level 27 Shields
 + Level 4.3 Invocations
 + Level 2.7 Evocations


You had 24 spell levels left.
You didn't know any spells.
Your spell library contained the following spells:

 Spells                   Type           Power      Damage    Failure   Level
 Foxfire                  Conj/Fire      0%         2x1d4     87%         1
 Freeze                   Ice            0%         1d3       87%         1
 Magic Dart               Conj           0%         1d3       87%         1
 Pain                     Necr           0%         1d4       87%         1
 Sandblast                Erth           0%         2d4       87%         1
 Shock                    Conj/Air       0%         1d3       87%         1
 Slow                     Hex            0%         N/A       87%         1
 Blink                    Tloc           0%         N/A       95%         2
 Ensorcelled Hibernation  Hex/Ice        0%         N/A       95%         2
 Passwall                 Tmut/Erth      0%         N/A       95%         2
 Scorch                   Fire           0%         2d5       95%         2
 Searing Ray              Conj           0%         2d4       95%         2
 Static Discharge         Conj/Air       0%         N/A       95%         2
 Sublimation of Blood     Necr           0%         N/A       95%         2
 Confusing Touch          Hex            0%         N/A       99%         3
 Dazzling Flash           Conj/Hex       0%         N/A       99%         3
 Frozen Ramparts          Ice            0%         1d2       99%         3
 Gell's Gravitas          Tloc           0%         N/A       99%         3
 Ignite Poison            Fire/Tmut/Pois 0%         N/A       99%         3
 Lesser Beckoning         Tloc           0%         N/A       99%         3
 Mephitic Cloud           Conj/Pois/Air  0%         N/A       99%         3
 Portal Projectile        Hex/Tloc       0%         N/A       99%         3
 Stone Arrow              Conj/Erth      0%         3d7       99%         3
 Swiftness                Air            0%         N/A       99%         3
 Teleport Other           Tloc           0%         N/A       99%         3
 Vampiric Draining        Necr           0%         2d6       99%         3
 Airstrike                Air            0%         N/A       100%        4
 Anguish                  Hex/Necr       0%         N/A       100%        4
 Cause Fear               Hex            0%         N/A       100%        4
 Dispel Undead            Necr           0%         3d6       100%        4
 Flame Wave               Conj/Fire      0%         2d4       100%        4
 Fulminant Prism          Conj/Hex       0%         3d6       100%        4
 Hailstorm                Conj/Ice       0%         3d3       100%        4
 Iskenderun's Mystic Bla  Conj/Tloc      0%         2d3       100%        4
 Olgreb's Toxic Radiance  Pois           0%         N/A       100%        4
 Passage of Golubria      Tloc           0%         N/A       100%        4
 Petrify                  Tmut/Erth      0%         N/A       100%        4
 Sticky Flame             Conj/Fire      0%         2d3       100%        4
 Agony                    Necr           0%         N/A       100%        5
 Alistair's Intoxication  Tmut/Pois      0%         N/A       100%        5
 Blade Hands              Tmut           0%         N/A       100%        5
 Excruciating Wounds      Necr           0%         N/A       100%        5
 Fireball                 Conj/Fire      0%         3d3       100%        5
 Irradiate                Conj/Tmut      0%         3d13      100%        5
 Iskenderun's Battlesphe  Conj           0%         2d6       100%        5
 Lightning Bolt           Conj/Air       0%         1d11      100%        5
 Manifold Assault         Tloc           0%         N/A       100%        5
 Metabolic Englaciation   Hex/Ice        0%         N/A       100%        5
 Silence                  Hex/Air        0%         N/A       100%        5
 Yara's Violent Unravell  Hex/Tmut       0%         3d3       100%        5
 Conjure Ball Lightning   Conj/Air       0%         3x3d6     100%        6
 Dispersal                Tloc           0%         N/A       100%        6
 Eringya's Noxious Bog    Tmut/Pois      0%         N/A       100%        6
 Iron Shot                Conj/Erth      0%         9d1       100%        6
 Starburst                Conj/Fire      0%         6d3       100%        6
 Statue Form              Tmut/Erth      0%         N/A       100%        6
 Dragon Form              Tmut           0%         N/A       100%        7
 Enfeeble                 Hex            0%         N/A       100%        7
 Orb of Destruction       Conj           0%         9d5       100%        7
 Ozocubu's Refrigeration  Ice            0%         4d5       100%        7
 Storm Form               Tmut/Air       0%         N/A       100%        7
 Borgnjor's Revivificati  Necr           0%         N/A       100%        8
 Discord                  Hex            0%         N/A       100%        8
 Disjunction              Tloc           0%         N/A       100%        8
 Ignition                 Fire           0%         3d3       100%        8
 Necromutation            Tmut/Necr      0%         N/A       100%        8
 Chain Lightning          Conj/Air       0%         N/A       100%        9
 Death's Door             Necr           0%         N/A       100%        9
 Polar Vortex             Ice            0%         N/A       100%        9
 Animate Skeleton         Necr           Unusable   N/A       N/A         1
 Call Imp                 Summ           Unusable   N/A       N/A         2
 Summon Guardian Golem    Hex/Summ       Unusable   N/A       N/A         3
 Tukima's Dance           Hex            Unusable   N/A       N/A         3
 Animate Armour           Summ/Erth      Unusable   N/A       N/A         4
 Summon Cactus Giant      Summ           Unusable   N/A       N/A         6
 Spellforged Servitor     Conj/Summ      Unusable   N/A       N/A         7
 Dragon's Call            Summ           Unusable   N/A       N/A         9

Dungeon Overview and Level Annotations

Branches:
Dungeon (15/15)            Temple (1/1) D:4            Lair (6/6) D:10
 Shoals (4/4) Lair:3        Snake (4/4) Lair:2        Slime (0/5) Lair:6
    Orc (2/2) D:11            Elf (3/3) Orc:2        Vaults (5/5) D:14
  Crypt (3/3) Vaults:2       Tomb (0/3) Crypt:3      Depths (4/4) D:15
    Zot (1/5) Depths:4      Sewer (visited)          Bailey (visited)
  IceCv (visited)          WizLab (visited)

Altars:
Ashenzari
Cheibriados
Dithmenos
Elyvilon
Fedhas
Gozag
Hepliaklqana
Kikubaaqudgha
Makhleb
Nemelex Xobeh
Okawaru
Qazlal
Ru
Sif Muna
Trog
Uskayaw
Vehumet
Wu Jian
Xom
Yredelemnul
Zin
The Shining One

Shops:
D:2 :*=   D:5 *   D:8 *?[(   Orc:1 *   Orc:2 ([*:   Elf:2 [   Elf:3 =
Shoals:1 =   Shoals:3 *   Snake:4 !*   Depths:3 *

Portals:
Hell: Depths:1 Depths:2 Depths:3 Depths:4
Abyss: Depths:2 Depths:3 Depths:4
Pandemonium: Depths:2 Depths:4
Ziggurat: Depths:4

Annotations:
Depths:1 1 runed translucent door
Depths:2 2 transporters, Jannitor's ghost, journeyman GrFi
Zot:1 Tiamat


Innate Abilities, Weirdness & Mutations

You have a pair of horns on your head.
You reflexively headbutt those who attack you in melee.
You are strong-willed. (Will+)
Your system is resistant to poisons. (rPois)
Your spells are a little harder to cast, but a little more powerful.


Message History

You block the black draconian's attack. You block Tiamat's attack.
Unknown command.
You closely miss the black draconian.
The black draconian is moderately wounded.
You block the purple draconian's attack.
You block the red draconian scorcher's attack.
Tiamat hits you from afar with a +5 antimagic bardiche!!!
You feel your power leaking away.
The black draconian completely misses you.
You slice the black draconian!!
Your headbutt misses the black draconian.
The black draconian is heavily wounded.
The purple draconian hits you with a +0 mace!
You block the moth of wrath's attack.
Unknown command.
You cut the black draconian into ribbons!!!
The black draconian is severely wounded.
Tiamat completely misses you. You block the black draconian's attack.
A quicksilver dragon comes into view.
You block the purple draconian's attack.
The red draconian scorcher completely misses you.
A green draconian monk comes into view.
You barely miss the black draconian.
Your headbutt misses the black draconian.
The black draconian is severely wounded.
Tiamat hits you from afar with a +5 antimagic bardiche!!!
* * * LOW HITPOINT WARNING * * *
You feel your power leaking away. You block the black draconian's attack.
The purple draconian hits you with a +0 mace.
* * * LOW HITPOINT WARNING * * *
You block the moth of wrath's attack.
The red draconian scorcher casts a spell at you.
The bolt of fire misses you.
As you read the scroll of teleportation, it crumbles to dust.
You feel strangely unstable.
You feel the Orb delaying your translocation!
The black draconian looks more healthy.
Tiamat hits you from afar with a +5 antimagic bardiche!!!
You die...

... #.⌠..#+## .q #.####.##
#####. #..##...# #...#q##
#..'.)... #......#
###..##...# ##..y.q###
##.##.###.##
#....d)d.#####...'...#'#.
.....#.)#yd.......##.##...
... ####@q...>^..#...###.
. ##d......##..##.##
##.....##..##...#
##...###..'.....
######...##...# ###.⌠##.##
#..##+#. #.......
#####....


You could see Tiamat (berserk), a green draconian monk, a black draconian
(berserk), a purple draconian (berserk, poisoned), a purple draconian shifter, a
red draconian scorcher (poisoned) and a moth of wrath (poisoned).

Vanquished Creatures
  A dread lich (Abyss:3)
  A juggernaut (Depths:4)
  Vashnia (Snake:4)
  Saint Roka (Snake:2)
  the Enchantress (Depths:1)
  Jory (Depths:3)
  6 golden dragons
  A bone dragon (Abyss:3)
  The ghost of Droegar the Slayer, an adept MiBe of Trog (Vaults:4)
  A Tzitzimitl (Depths:3)
  Rupert (Snake:1)
  Asterion (Snake:2)
  2 walking crystal tomes (Depths:4)
  7 liches
  Jorgrun (Shoals:2)
  6 deep elf blademasters
  A moon troll (WizLab)
  5 tentacled monstrosities
  2 walking frostbound tomes (Depths:4)
  A walking divine tome (Depths:4)
  8 titans
  A walking earthen tome (Depths:4)
  An ancient champion (Crypt:2)
  2 deep elf master archers (Elf:3)
  5 quicksilver dragons
  12 tentacled starspawn
  Polyphemus (Shoals:1)
  2 death cobs (Zot:1)
  8 sphinxes
  9 shadow dragons
  7 storm dragons
  12 tengu reavers
  4 revenants
  A draconian monk (Zot:1)
  10 fire giants
  3 nagarajas (Snake:4)
  Ilsuiw (Shoals:3)
  9 frost giants
  9 deep elf sorcerers
  2 draconian knights
  2 orc warlords
  18 vault wardens
  Louise (D:14)
  4 iron dragons
  A ghost moth (Crypt:3)
  Aizul (Snake:2)
  5 curse skulls
  A cacodemon (WizLab)
  A balrug (Depths:2)
  2 war gargoyles
  5 ghouls (Crypt:2)
  9 spriggan defenders
  15 very ugly things
  18 stone giants
  5 deep elf elementalists
  17 ironbound preservers
  A draconian stormcaller (Depths:4)
  9 ironbound thunderhulks
  11 vampire knights
  An entropy weaver (Vaults:4)
  5 green draconians
  6 red draconians
  3 purple draconians (Zot:1)
  2 spectral titans (Crypt:3)
  14 dire elephants
  5 yellow draconians
  4 deep elf annihilators
  3 black draconians
  7 deep elf demonologists
  A minotaur (D:11)
  A white draconian (Zot:1)
  10 deep elf death magi
  9 eidola
  Josephine (Lair:5)
  5 merfolk javelineers
  15 fire dragons
  13 merfolk impalers
  3 crystal guardians
  2 green deaths (Snake:2)
  3 spectral quicksilver dragons (Crypt:3)
  A spriggan zombie (Crypt:2)
  13 ettins
  11 great orbs of eyes
  A spectral golden dragon (Crypt:3)
  11 yaktaur captains
  2 jiangshi (Crypt:2)
  The ghost of Guaramm the Nimble, a journeyman KoBr of Trog (D:11)
  2 spectral spriggans (Crypt:3)
  26 vault guards
  6 ice dragons
  The ghost of Tinylith the Carver, a journeyman DsBe of Trog (D:9)
  Fannar (Orc:1)
  4 boulder beetles
  10 deep elf high priests
  4 rakshasas
  A salamander tyrant (Snake:4)
  A fenstrider witch skeleton (Crypt:1)
  A peacekeeper (Vaults:4)
  3 ogre magi
  Erolcha (Orc:1)
  12 naga warriors
  5 merfolk aquamancers (Shoals:4)
  2 alligator snapping turtles
  10 hydras
  5 merfolk avatars
  18 centaur warriors
  A jorogumo (shapeshifter) (Depths:4)
  4 spriggan air magi
  4 two-headed ogres
  12 anacondas
  30 dancing weapons
  A satyr (Shoals:4)
  5 death knights
  2 catoblepae
  7 ironbound frosthearts
  6 death yaks
  7 deep troll shamans
  6 vampire magi
  3 spectral dire elephants (Crypt:3)
  3 orc high priests (Orc:2)
  3 tengu warriors
  5 deep troll earth magi
  A thrashing horror (Abyss:3)
  4 spectral storm dragons (Crypt:3)
  16 deep elf knights
  19 naga sharpshooters
  6 shock serpents
  The ghost of Cab the Severer, a novice DsFi of Hepliaklqana (D:10)
  16 hell knights
  Sonja (Lair:2)
  5 spriggan berserkers
  A fire crab (shapeshifter) (Elf:3)
  2 wretched stars (Abyss:3)
  9 shadow wraiths
  An emperor scorpion zombie (Crypt:2)
  8 iron trolls
  2 soul eaters
  A spectral anaconda (Crypt:3)
  5 sea snakes
  18 skeletal warriors
  46 deep trolls
  A death drake (shapeshifter) (Depths:4)
  9 glowing orange brains
  A storm dragon skeleton (Crypt:2)
  4 salamander mystics
  A spark wasp zombie (Crypt:3)
  A goliath frog (Lair:6)
  7 flayed ghosts
  2 bog bodies (Crypt:2)
  2 spriggan simulacra (Crypt:3)
  2 orange crystal statues
  6 deep elf archers
  15 ironbound convokers
  15 wizards
  15 naga ritualists
  15 harpies
  3 shadow demons (Depths:3)
  An anaconda skeleton (Crypt:2)
  20 lindwurms
  7 orc knights
  30 deep elf pyromancers
  22 phantasmal warriors
  4 necromancers
  32 deep elf zephyrmancers
  18 mana vipers
  A manticore (shapeshifter) (Vaults:5)
  A stone giant zombie (Crypt:2)
  4 orc sorcerers (Orc:2)
  A faun (shapeshifter) (Vaults:1)
  46 ugly things
  10 salamanders
  8 elephants
  A faun (Shoals:1)
  A human zombie (Vaults:1)
  45 slime creatures
  9 cyclopes
  5 guardian serpents (Snake:4)
  3 moths of wrath
  A cyclops (shapeshifter) (D:15)
  A stone giant skeleton (Crypt:2)
  13 manticores
  47 black mambas
  11 merfolk sirens
  2 ice statues (IceCv)
  A water nymph (shapeshifter) (Vaults:1)
  An elephant (shapeshifter) (Vaults:5)
  An alligator snapping turtle zombie (Crypt:3)
  5 eyes of devastation
  A naga zombie (Crypt:2)
  11 water nymphs
  2 orange demons (Depths:2)
  8 torpor snails
  15 vault sentinels
  4 gargoyles
  15 naga magi
  5 rime drakes
  23 cane toads
  2 kobold demonologists (D:11)
  2 unseen horrors
  Psyche (D:12)
  5 komodo dragons
  31 yaktaurs
  An alligator snapping turtle skeleton (Crypt:3)
  21 freezing wraiths
  3 spectral nagas (Crypt:3)
  A redback zombie (D:13)
  2 tengu conjurers
  An ancient zyme (Abyss:3)
  A spectral harpy (Crypt:3)
  3 catoblepas skeletons
  A hellwing (Depths:2)
  A pale draconian skeleton (Crypt:2)
  2 queen bees (shapeshifter)
  3 polar bears
  2 queen bees
  7 hornets
  4 meliai
  5 trolls
  18 merfolk
  3 tyrant leeches
  A harpy skeleton (Crypt:2)
  11 wind drakes
  A snapping turtle (shapeshifter) (Elf:3)
  A tarantella (shapeshifter) (Vaults:1)
  A shadow dragon simulacrum (Crypt:3)
  A satyr zombie (Crypt:3)
  A culicivora zombie (Crypt:2)
  A blink frog (shapeshifter) (D:10)
  A raiju (shapeshifter) (D:10)
  19 blink frogs
  13 dream sheep
  A frost giant simulacrum (Vaults:1)
  3 meliai zombies (D:13)
  A jumping spider (shapeshifter) (Vaults:5)
  7 snapping turtles
  A fire dragon skeleton (Crypt:3)
  12 spriggans
  3 shadows
  23 water elementals
  22 flying skulls
  2 centaur simulacra (Crypt:3)
  2 large abominations (Abyss:3)
  3 ynoxinuls (Abyss:3)
  8 air elementals
  3 vampires
  11 wraiths
  3 wyverns
  2 fire elementals
  70 yaks
  5 basilisks
  A dire elephant simulacrum (Crypt:2)
  3 golden eyes (WizLab)
  2 steam dragons
  5 neqoxecs
  2 redbacks (Vaults:4)
  2 death yak simulacra (IceCv)
  A human simulacrum (Vaults:1)
  11 vampire mosquitoes
  2 wargs (Orc:1)
  Menkaure (D:7)
  A harpy simulacrum (Crypt:3)
  34 nagas
  An acid dragon (D:12)
  13 water moccasins
  A floating eye (Lair:6)
  An ice beast (D:8)
  32 orc warriors
  3 sky beasts (D:6)
  A black bear (D:4)
  19 wolves
  A necrophage (Crypt:2)
  14 ogres
  12 centaurs
  Blork the orc (D:4)
  23 bullfrogs
  A rime drake skeleton (Crypt:3)
  2 kobold brigands (D:8)
  A gnoll sergeant (D:11)
  A scorpion (Lair:3)
  A salamander skeleton (Crypt:2)
  A small abomination (Abyss:3)
  2 elephant simulacra (IceCv)
  38 killer bees
  5 electric eels
  4 howler monkeys
  10 starcursed masses (WizLab)
  11 centaur zombies
  2 jellies (D:6)
  3 gnoll shamans (D:7)
  A black bear zombie (Crypt:1)
  27 orc priests
  Crazy Yiuf (D:4)
  2 bullfrog skeletons
  3 hounds
  An iron imp (Shoals:2)
  2 centaur skeletons (D:4)
  2 iguanas
  23 orc wizards
  A polar bear simulacrum (IceCv)
  A scorpion zombie (Crypt:2)
  2 killer bee zombies
  A wolf simulacrum (IceCv)
  A dwarf zombie (Crypt:1)
  An acid dragon skeleton (Crypt:1)
  A hound zombie (Crypt:1)
  2 howler monkey skeletons
  2 howler monkey zombies
  Robin (D:2)
  12 adders
  10 gnolls
  A river rat (D:3)
  A swamp drake zombie (Crypt:1)
  A steam dragon skeleton (Crypt:1)
  A swamp drake skeleton (Crypt:1)
  3 white imps
  3 ufetubi
  A halfling skeleton (Crypt:2)
  5 worms
  4 dart slugs
  56 orcs
  9 ball pythons
  3 bats
  14 endoplasms
  16 giant cockroaches
  13 goblins
  7 hobgoblins
  5 jackals
  11 quokkas
  13 frilled lizards
  A frilled lizard skeleton (Crypt:1)
  A goblin zombie (Crypt:2)
  15 kobolds
  An orc skeleton (Crypt:3)
  9 rats
  2 butterflies
  11 starspawn tentacles (WizLab)
2263 creatures vanquished.

Vanquished Creatures (others)
  The ghost of Plog the Sorcerer, a veteran DEFE of Vehumet (Depths:3)
  An ogre mage (Vaults:5)
  A wizard (Depths:2)
  A tengu conjurer (Depths:4)
  A water elemental (Shoals:4)
  A sky beast (D:5)
  Ijyb (D:5)
  2 orc wizards
  3 demonic plants (WizLab)
  31 fungi
  141 plants
  35 starspawn tentacles (WizLab)
219 creatures vanquished.

Grand Total: 2482 creatures vanquished

Notes
Turn   | Place    | Note
-------+----------+-------------------------------------------
     0 | D:1      | Peloso the Minotaur Fighter began the quest for the Orb.
     0 | D:1      | Reached XP level 1. HP: 19/19 MP: 0/0
    89 | D:1      | Reached XP level 2. HP: 26/27 MP: 1/1
   447 | D:1      | Reached XP level 3. HP: 23/33 MP: 2/2
   922 | D:2      | Noticed Robin
   952 | D:2      | Killed Robin
   953 | D:2      | Reached XP level 4. HP: 19/40 MP: 3/3
  1241 | D:2      | Found Ciapheat's Jewellery Shoppe.
  1450 | D:2      | Found a glowing golden altar of the Shining One.
  1756 | D:2      | Found Kuak's Book Shop.
  1791 | D:2      | Found Taomafa's General Store.
  2386 | D:3      | Found a glowing drain.
  2396 | Sewer    | Entered a sewer
  2530 | Sewer    | Reached XP level 5. HP: 46/47 MP: 4/4
  2965 | Sewer    | Reached skill level 5 in Armour
  2965 | Sewer    | Reached skill level 1 in Dodging
  2965 | Sewer    | Reached XP level 6. HP: 44/55 MP: 5/5
  2967 | Sewer    | Reached skill level 5 in Long Blades
  3890 | D:4      | Reached skill level 5 in Fighting
  3905 | D:4      | Reached skill level 5 in Shields
  4146 | D:4      | Reached XP level 7. HP: 15/61 MP: 6/6
  4425 | D:4      | Found a runed translucent door.
  4426 | D:4      | Noticed Crazy Yiuf
  4534 | D:4      | Noticed Blork the orc
  4554 | D:4      | Killed Blork the orc
  4744 | D:4      | Found a white marble altar of Elyvilon.
  4813 | D:4      | Found a staircase to the Ecumenical Temple.
  4825 | Temple   | Entered the Ecumenical Temple
  5134 | D:4      | Killed Crazy Yiuf
  5273 | D:5      | Entered Level 5 of the Dungeon
  5480 | D:5      | Found a snail-covered altar of Cheibriados.
  5801 | D:5      | HP: 3/62 [something (6)]
  6224 | D:5      | Noticed Ijyb
  6237 | D:5      | Killed Ijyb
  6471 | D:5      | Reached XP level 8. HP: 66/70 MP: 7/7
  6498 | D:5      | Found Jadun's Assorted Antiques.
  6878 | D:5      | Identified a scroll of acquirement
  7076 | D:6      | Found a hazy altar of Hepliaklqana.
  7320 | D:6      | Found an opulent altar of Gozag.
  7320 | D:6      | Found an iron altar of Okawaru.
  7326 | D:6      | Found a faded altar of an unknown god.
  7328 | D:6      | Became a worshipper of Warmaster Okawaru
  7332 | D:6      | Found a blossoming altar of Fedhas.
  7334 | D:6      | Found a faded altar of an unknown god.
  7491 | D:6      | Found a bloodstained altar of Trog.
  7750 | D:7      | Found a broken altar of Ashenzari.
  7918 | D:7      | Noticed Menkaure
  7930 | D:7      | Killed Menkaure
  7931 | D:7      | Reached XP level 9. HP: 28/78 MP: 8/8
  8544 | D:7      | Found a shimmering blue altar of Sif Muna.
  8551 | D:7      | Reached * piety under Okawaru
  8883 | D:8      | Found Fymuhun's Weapon Boutique.
  8953 | D:8      | Found Onuu's Magic Scroll Emporium.
  8966 | D:8      | Found a flagged portal.
  9003 | Bailey   | Entered a bailey
  9030 | Bailey   | Reached skill level 10 in Long Blades
  9142 | Bailey   | Noticed a two-headed ogre
  9153 | Bailey   | Killed a two-headed ogre
  9153 | Bailey   | Reached ** piety under Okawaru
  9182 | Bailey   | Reached skill level 1 in Evocations
  9182 | Bailey   | Reached XP level 10. HP: 58/88 MP: 6/9
  9228 | Bailey   | Reached *** piety under Okawaru
  9550 | D:8      | Acquired 799 gold pieces
  9567 | D:8      | Found Awnoriux's General Store.
  9597 | D:8      | Found Upyol's Antique Armour Boutique.
  9838 | D:8      | Found a burning altar of Makhleb.
  9985 | D:8      | Bought a scroll of magic mapping for 35 gold pieces
 10195 | D:8      | Noticed a gargoyle
 10207 | D:8      | Killed a gargoyle
 10286 | D:9      | Reached skill level 1 in Invocations
 10321 | D:9      | Found a transporter.
 10327 | D:9      | Found a transporter.
 10328 | D:9      | Noticed Tinylith's ghost (journeyman DsBe)
 10409 | D:9      | Reached skill level 5 in Dodging
 10413 | D:9      | Reached **** piety under Okawaru
 10414 | D:9      | Reached skill level 1 in Stealth
 10684 | D:9      | Found a radiant altar of Vehumet.
 11248 | D:9      | Found a glowing golden altar of the Shining One.
 11287 | D:10     | Entered Level 10 of the Dungeon
 11327 | D:10     | Found an ornate altar of the Wu Jian Council.
 11545 | D:10     | Found a runed translucent gate.
 11545 | D:10     | Noticed a glowing orange brain
 11546 | D:10     | Found a runed translucent gate.
 11546 | D:10     | Found a runed translucent gate.
 11546 | D:10     | Noticed a brown ugly thing
 11547 | D:10     | Noticed a red ugly thing
 11548 | D:10     | Noticed a white ugly thing
 11548 | D:10     | Noticed a cyan ugly thing
 11549 | D:10     | Noticed a purple ugly thing
 11881 | D:5      | Bought the +8 autumn katana {vorpal, manifold assault} for
                  | 1212 gold pieces
 11881 | D:5      | Found the +8 autumn katana {vorpal, manifold assault}
 12120 | D:10     | Reached XP level 11. HP: 85/95 MP: 11/11
 12121 | D:10     | Found a staircase to the Lair.
 12509 | D:11     | Found a runed translucent gate.
 12510 | D:11     | Found a runed translucent gate.
 12511 | D:11     | Found a runed translucent gate.
 12514 | D:11     | Noticed Guaramm's ghost (journeyman KoBr)
 12523 | D:11     | Noticed a minotaur
 12549 | D:11     | Reached skill level 10 in Armour
 12558 | D:11     | Found a staircase to the Orcish Mines.
 12626 | D:11     | Found a frozen archway.
 12634 | D:11     | Reached ***** piety under Okawaru
 12660 | IceCv    | Entered an ice cave
 12660 | IceCv    | Noticed a white ugly thing
 12668 | IceCv    | Killed a white ugly thing
 12668 | IceCv    | Received a gift from Okawaru
 12674 | IceCv    | Found a transporter.
 12678 | IceCv    | Noticed a white ugly thing
 12730 | IceCv    | Found a transporter.
 13374 | IceCv    | Killed a white ugly thing
 13870 | D:11     | Noticed a red ugly thing
 13872 | D:11     | Noticed a centaur warrior
 13878 | D:11     | Killed a red ugly thing
 13879 | D:11     | Reached skill level 10 in Fighting
 13885 | D:11     | Killed a centaur warrior
 14052 | D:11     | Reached XP level 12. HP: 51/108 MP: 12/12
 14533 | Lair:1   | Entered Level 1 of the Lair of Beasts
 14668 | Lair:1   | Received a gift from Okawaru
 14888 | Lair:1   | Identified the +7 long sword of the Endless Emperors {vamp,
                  | Str+2 Dex+5 SInv}
 14930 | Lair:1   | Reached skill level 15 in Long Blades
 15948 | Lair:2   | Found a staircase to the Snake Pit.
 16220 | Lair:2   | Noticed a six-headed hydra
 16233 | Lair:2   | Killed a two-headed hydra
 16239 | Lair:2   | Reached skill level 10 in Shields
 16393 | Lair:2   | Noticed a catoblepas
 16438 | Lair:2   | Killed a catoblepas
 16438 | Lair:2   | Received a gift from Okawaru
 16439 | Lair:2   | Reached skill level 1 in Axes
 16663 | Lair:2   | Noticed a boulder beetle
 16673 | Lair:2   | Killed a boulder beetle
 16760 | Lair:2   | Noticed Sonja
 16771 | Lair:2   | Killed Sonja
 17326 | Lair:3   | Found a staircase to the Shoals.
 17331 | Lair:3   | Noticed a death yak
 17343 | Lair:3   | Killed a death yak
 17344 | Lair:3   | Reached XP level 13. HP: 108/118 MP: 13/13
 17455 | Lair:3   | You fall into a shaft and drop 2 floors!
 17511 | Lair:4   | Reached ****** piety under Okawaru
 17514 | Lair:4   | Found a snail-covered altar of Cheibriados.
 18863 | Lair:4   | Received a gift from Okawaru
 20211 | Lair:5   | Noticed Josephine
 20246 | Lair:5   | Killed Josephine
 21163 | D:12     | Noticed a fire dragon
 21172 | D:12     | Killed a fire dragon
 21173 | D:12     | Reached XP level 14. HP: 96/130 MP: 11/14
 21324 | D:12     | Identified the +7 buckler "Hoxiwn" {*Slow Str+2 Dex+3}
                  | (Okawaru gifted it to you on level 12 of the Dungeon)
 21324 | D:12     | Received a gift from Okawaru
 21907 | D:12     | Noticed Psyche
 21911 | D:12     | Killed Psyche
 22278 | Orc:1    | Entered Level 1 of the Orcish Mines
 22281 | Orc:1    | Noticed Erolcha
 22298 | Orc:1    | Killed Erolcha
 22440 | Orc:2    | Entered Level 2 of the Orcish Mines
 22458 | Orc:2    | Paralysed by an orc sorcerer for 3 turns
 22465 | Orc:2    | Noticed an orc warlord
 22517 | Orc:2    | Found a staircase to the Elven Halls.
 22552 | Orc:2    | Gained mutation: You are strong-willed. (Will+) [a neqoxec]
 22555 | Orc:2    | Gained mutation: You are weak. (Str -2) [a neqoxec]
 23437 | Orc:2    | Killed an orc warlord
 23448 | Orc:2    | Identified the +2 hat "Raeviegh" {rC+ Regen+ MP+9} (Okawaru
                  | gifted it to you on level 2 of the Orcish Mines)
 23448 | Orc:2    | Received a gift from Okawaru
 23879 | Orc:2    | Reached skill level 15 in Fighting
 24007 | Orc:2    | Found Yfigeiho's Antique Armour Emporium.
 24008 | Orc:2    | Found Lezxiok's Antique Weapon Emporium.
 24010 | Orc:2    | Found Xasaop's General Store.
 24010 | Orc:2    | Found Zutirhy's Book Shoppe.
 24202 | Orc:1    | Noticed Fannar
 24214 | Orc:1    | Killed Fannar
 24355 | Orc:1    | Found Gyloicol's Gadget Gallery.
 24617 | D:13     | Found a basalt altar of Yredelemnul.
 25221 | D:14     | Noticed Louise
 25230 | D:14     | Killed Louise
 25424 | D:14     | Reached XP level 15. HP: 134/141 MP: 15/15
 25428 | D:14     | Found a gate to the Vaults.
 25500 | D:14     | Found a blossoming altar of Fedhas.
 25646 | D:14     | HP: 7/143 [meliai/divine providence (14)]
 25656 | D:14     | Received a gift from Okawaru
 26107 | D:15     | Entered Level 15 of the Dungeon
 26343 | D:15     | Found an iron altar of Okawaru.
 26351 | D:15     | Identified the +4 mace of Equilibrium {flame, Contam rF+
                  | rN+++}
 26864 | D:15     | Found a staircase to the Depths.
 27263 | Lair:6   | Entered Level 6 of the Lair of Beasts
 27314 | Lair:5   | Identified the +1 ring mail "Kelues" {Harm Rampage Slay+3}
                  | (Okawaru gifted it to you on level 5 of the Lair of Beasts)
 27314 | Lair:5   | Received a gift from Okawaru
 27764 | Lair:5   | Reached skill level 15 in Shields
 27913 | Lair:6   | Paralysed by a floating eye for 2 turns
 27960 | Lair:6   | Found the +7 captain's cutlass {speed, disarm}
 28034 | Lair:6   | Identified the +8 quarterstaff of Lume {venom, rPois rF+
                  | Str-4 Dex+7}
 28401 | Lair:6   | Found a staircase to the Slime Pits.
 28903 | Elf:1    | Entered Level 1 of the Elven Halls
 28999 | Elf:1    | Found a magical portal.
 29022 | WizLab   | Entered Lehudib's Moon Base
 29031 | WizLab   | Noticed a tentacled starspawn
 29034 | WizLab   | Noticed a tentacled starspawn
 29042 | WizLab   | Killed a tentacled starspawn
 29043 | WizLab   | Reached XP level 16. HP: 139/155 MP: 16/16
 29045 | WizLab   | Killed a tentacled starspawn
 29083 | WizLab   | Found a transporter.
 29083 | WizLab   | Found the +5 sword of Power {vorpal}
 29092 | WizLab   | Received a gift from Okawaru
 29124 | WizLab   | Noticed a tentacled starspawn
 29139 | WizLab   | Killed a tentacled starspawn
 29156 | WizLab   | Noticed a tentacled starspawn
 29158 | WizLab   | Reached skill level 15 in Armour
 29166 | WizLab   | Killed a tentacled starspawn
 29243 | WizLab   | Noticed a quicksilver dragon
 29244 | WizLab   | Noticed a tentacled starspawn
 29249 | WizLab   | Killed a quicksilver dragon
 29257 | WizLab   | Killed a tentacled starspawn
 29639 | WizLab   | Noticed a tentacled starspawn
 29644 | WizLab   | Noticed a tentacled starspawn
 29657 | WizLab   | Paralysed by accursed screaming for 1 turns
 29662 | WizLab   | Gained mutation: You do not regenerate when monsters are
                  | visible. [a cacodemon]
 29726 | WizLab   | Noticed a quicksilver dragon
 29729 | WizLab   | Noticed a tentacled starspawn
 29734 | WizLab   | Killed a quicksilver dragon
 29742 | WizLab   | Killed a tentacled starspawn
 29908 | WizLab   | Noticed a tentacled starspawn
 29921 | WizLab   | Killed a tentacled starspawn
 29934 | WizLab   | Killed a tentacled starspawn
 30004 | WizLab   | Noticed a tentacled starspawn
 30015 | WizLab   | Killed a tentacled starspawn
 30082 | WizLab   | Noticed a tentacled starspawn
 30093 | WizLab   | Killed a tentacled starspawn
 30162 | WizLab   | Noticed a tentacled starspawn
 30168 | WizLab   | Killed a tentacled starspawn
 30171 | WizLab   | Noticed a moon troll
 30190 | WizLab   | Received a gift from Okawaru
 30303 | WizLab   | Noticed a quicksilver dragon
 30318 | WizLab   | Killed a quicksilver dragon
 30384 | WizLab   | Found a transporter.
 30697 | WizLab   | Killed a moon troll
 30716 | WizLab   | Identified the ring of Freedom {*Slow rPois Will+ rCorr
                  | Dex+6}
 30912 | WizLab   | Noticed a tentacled starspawn
 30941 | WizLab   | Identified the ring "Jycat" {Wiz rC+ rN++ MP+9 Str-3}
 31325 | D:9      | Killed Tinylith's ghost
 31810 | Elf:1    | Received a gift from Okawaru
 31887 | Elf:1    | Reached XP level 17. HP: 46/168 MP: 18/18
 32034 | Elf:1    | Got Zyeloexe's Incunabulum of Conjuration
 32259 | Elf:1    | Paralysed by an air elemental for 1 turns
 32336 | Elf:1    | Found a huge runed translucent gate.
 32336 | Elf:1    | Found a huge runed translucent gate.
 32336 | Elf:1    | Found a huge runed translucent gate.
 32338 | Elf:1    | Found a huge runed translucent gate.
 32338 | Elf:1    | Found a huge runed translucent gate.
 32339 | Elf:1    | Found a huge runed translucent gate.
 32339 | Elf:1    | Found a huge runed translucent gate.
 32340 | Elf:1    | Found a huge runed translucent gate.
 32342 | Elf:1    | Identified the +8 double sword of Teitog {protect, rF+}
 32342 | Elf:1    | Noticed a deep elf blademaster
 32639 | Elf:1    | Identified the +7 double sword of Gloom {freeze, rF+ rN+
                  | rCorr Dex+3}
 32639 | Elf:1    | Noticed a deep elf blademaster
 32653 | Elf:1    | Killed a deep elf blademaster
 32656 | Elf:1    | Killed a deep elf blademaster
 33235 | Elf:2    | Found a shimmering blue altar of Sif Muna.
 33433 | Elf:2    | Found Xol Isk's Antique Armour Shoppe.
 33586 | Elf:2    | Found a runed translucent gate.
 33586 | Elf:2    | Found a runed translucent gate.
 33587 | Elf:2    | Found a runed translucent gate.
 33826 | Elf:3    | Entered Level 3 of the Elven Halls
 33897 | Elf:2    | Identified the +0 plate armour "Afail" {rN+ Str-4 Stlth+}
                  | (Okawaru gifted it to you on level 2 of the Elven Halls)
 33897 | Elf:2    | Received a gift from Okawaru
 34340 | Elf:3    | Got the Reference Book on Damage Dealing
 34391 | Elf:3    | Found Uxiromiz's Jewellery Shop.
 34547 | Elf:3    | Reached skill level 10 in Dodging
 35314 | Elf:3    | Noticed a Brimstone Fiend
 35323 | Elf:3    | Identified the +6 falchion of Offence {vorpal, Drain rF+
                  | rC+ Stlth+}
 35476 | Elf:3    | Received a gift from Okawaru
 35485 | Elf:3    | Identified the +1 leather armour of Ujoplaon {rC+++ Str+3
                  | Dex-4}
 35485 | Elf:3    | Identified the +12 mace of Baleful Expedience {elec, Will+
                  | SInv Stlth+}
 36218 | Elf:3    | Reached XP level 18. HP: 180/180 MP: 19/19
 36315 | Elf:3    | Identified the +10 hand crossbow of Painful Death {vorpal,
                  | rElec rN+ rCorr Dex+7}
 36622 | Lair:1   | Lost mutation: You are weak. (Str -2) [potion of mutation]
 36622 | Lair:1   | Lost mutation: You are strong-willed. (Will+) [potion of
                  | mutation]
 36622 | Lair:1   | Lost mutation: You do not regenerate when monsters are
                  | visible. [potion of mutation]
 36622 | Lair:1   | Gained mutation: Your system is resistant to poisons.
                  | (rPois) [potion of mutation]
 36622 | Lair:1   | Gained mutation: Your spells are a little harder to cast,
                  | but a little more powerful. [potion of mutation]
 36622 | Lair:1   | Gained mutation: You are strong-willed. (Will+) [potion of
                  | mutation]
 36698 | D:10     | Identified the +1 plate armour "Diah" {Fly Will+} (Okawaru
                  | gifted it to you on level 10 of the Dungeon)
 36698 | D:10     | Received a gift from Okawaru
 36707 | D:10     | Found a runed translucent gate.
 36707 | D:10     | Found a runed translucent gate.
 36710 | D:10     | Found a runed translucent gate.
 36710 | D:10     | Noticed Cab's ghost (novice DsFi)
 36755 | D:10     | Killed Cab's ghost
 36867 | D:11     | Killed Guaramm's ghost
 38176 | Snake:1  | Entered Level 1 of the Snake Pit
 38777 | Snake:1  | Noticed Rupert
 38789 | Snake:1  | Killed Rupert
 39222 | Snake:2  | Noticed Asterion
 39242 | Snake:2  | Killed Asterion
 39381 | Snake:2  | Found a runed translucent door.
 39410 | Snake:2  | Noticed Aizul
 39417 | Snake:2  | Killed Aizul
 39424 | Snake:2  | Noticed Saint Roka
 39466 | Snake:2  | Killed Saint Roka
 39716 | Snake:2  | Identified the +3 swamp dragon scales "Caowuv" {rPois
                  | Int+4} (Okawaru gifted it to you on level 2 of the Snake
                  | Pit)
 39716 | Snake:2  | Received a gift from Okawaru
 40121 | Snake:2  | Reached skill level 5 in Stealth
 40127 | Snake:2  | Reached XP level 19. HP: 191/191 MP: 20/20
 40152 | Snake:2  | Identified the +4 plate armour of Hanablye {Str-4 Int+6
                  | Dex+8 Stlth-}
 40748 | Shoals:1 | Entered Level 1 of the Shoals
 40777 | Shoals:1 | Found Dokelesih's Jewellery Boutique.
 41546 | Shoals:2 | Noticed Polyphemus
 41597 | Shoals:1 | Killed Polyphemus
 41743 | Shoals:2 | Cast into level 3 of the Abyss (merfolk javelineer)
 41829 | Abyss:3  | Noticed a bone dragon
 41844 | Abyss:3  | Killed a bone dragon
 41909 | Abyss:3  | Noticed a dread lich
 41920 | Abyss:3  | Killed a dread lich
 41923 | Shoals:2 | Escaped the Abyss
 42260 | Shoals:2 | Noticed Jorgrun
 42268 | Shoals:2 | Killed Jorgrun
 43007 | Snake:3  | Received a gift from Okawaru
 43043 | Snake:3  | Got the Catalogue of Nocuous Flight
 44009 | Snake:4  | Entered Level 4 of the Snake Pit
 44135 | Snake:4  | Found Daafir's Distillery.
 44141 | Snake:4  | Bought a potion of resistance for 170 gold pieces
 44365 | Snake:4  | Identified the +5 trident of Blood-Lust {freeze, Int+2
                  | Dex+7} (Okawaru gifted it to you on level 4 of the Snake
                  | Pit)
 44365 | Snake:4  | Received a gift from Okawaru
 44728 | Snake:4  | Found Hoerutaj's Assorted Antiques.
 44731 | Snake:4  | Bought a scroll of brand weapon for 500 gold pieces
 44875 | Snake:4  | Noticed Vashnia
 44880 | Snake:4  | Reached XP level 20. HP: 79/202 MP: 21/21
 45156 | Snake:4  | Killed Vashnia
 45157 | Snake:4  | Identified the +2 pair of gloves of Okawaru's Hope {Contam
                  | rElec rPois rF+} (Okawaru gifted it to you on level 4 of
                  | the Snake Pit)
 45157 | Snake:4  | Received a gift from Okawaru
 45224 | Snake:4  | Got a serpentine rune of Zot
 45622 | Shoals:3 | Found Nogi's Mayhem Merchandise.
 45847 | Shoals:3 | Noticed Ilsuiw
 45867 | Shoals:3 | Killed Ilsuiw
 46289 | Shoals:4 | Entered Level 4 of the Shoals
 46396 | Shoals:4 | Paralysed by an air elemental for 1 turns
 46401 | Shoals:4 | Paralysed by an air elemental for 1 turns
 46543 | Shoals:4 | Identified the ring of the Griffon {Will+ Dex+6}
 46548 | Shoals:4 | Identified the quicksilver dragon scales of Hutupergh
                  | {*Corrode rPois rN+ Will+}
 46672 | Shoals:4 | Got a barnacled rune of Zot
 46894 | Shoals:4 | Found a blossoming altar of Fedhas.
 48098 | Vaults:1 | Entered Level 1 of the Vaults
 48108 | Vaults:1 | Identified the +7 demon blade of Ceitaufa {pain, *Slow
                  | rElec Dex+3} (Okawaru gifted it to you on level 1 of the
                  | Vaults)
 48108 | Vaults:1 | Received a gift from Okawaru
 49143 | Vaults:1 | Identified the +9 executioner's axe "Teass" {drain, rN+
                  | Str+2 Int-4} (Okawaru gifted it to you on level 1 of the
                  | Vaults)
 49143 | Vaults:1 | Received a gift from Okawaru
 49578 | Vaults:2 | Reached XP level 21. HP: 213/213 MP: 22/22
 50140 | Vaults:2 | Found a staircase to the Crypt.
 50140 | Vaults:2 | Found a basalt altar of Yredelemnul.
 50141 | Vaults:2 | Found an ancient bone altar of Kikubaaqudgha.
 50350 | Vaults:2 | Identified the +6 glaive of Day {flame, Str+2} (Okawaru
                  | gifted it to you on level 2 of the Vaults)
 50350 | Vaults:2 | Received a gift from Okawaru
 51587 | Vaults:3 | Found a portal to a secret trove of treasure.
 51869 | Vaults:3 | Identified the +2 robe of the Final Priests {Fly rC+ Regen+
                  | Dex-5} (Okawaru gifted it to you on level 3 of the Vaults)
 51869 | Vaults:3 | Received a gift from Okawaru
 52571 | Vaults:3 | Identified the +0 scale mail of the Unbroken {+Blink rF+}
 52870 | Vaults:4 | Found a flickering gateway to a bazaar.
 52879 | Bazaar   | Entered a bazaar
 52879 | Bazaar   | Found Peomipacw's Armour Shop.
 52883 | Bazaar   | Found Yromn's Armour Shoppe.
 52895 | Bazaar   | Found Hauhen's Assorted Antiques.
 52903 | Bazaar   | Bought a shimmering golden amulet for 75 gold pieces
 52903 | Bazaar   | Identified the amulet of Dadgh {Rampage rF+++ Regen+ rCorr
                  | Int-2} (You bought it in a shop in a bazaar)
 52907 | Bazaar   | Found Udoitrom's Distillery.
 52915 | Bazaar   | Bought a potion of curing for 54 gold pieces
 52915 | Bazaar   | Bought a potion of heal wounds for 90 gold pieces
 52969 | Bazaar   | Bought the +1 shadow dragon scales "Kohotz" {rF- rN+ Regen+
                  | Int+8 Stlth++++} for 1146 gold pieces
 53354 | Vaults:4 | Reached XP level 22. HP: 224/224 MP: 23/23
 53781 | Vaults:4 | Received a gift from Okawaru
 53922 | Vaults:4 | Found a runed translucent gate.
 53924 | Vaults:4 | Found a runed translucent gate.
 53925 | Vaults:4 | Found a runed translucent gate.
 53926 | Vaults:4 | Noticed Droegar's ghost (adept MiBe)
 53954 | Vaults:4 | Killed Droegar's ghost
 54035 | Vaults:5 | Entered Level 5 of the Vaults
 54271 | Vaults:4 | Received a gift from Okawaru
 54426 | Vaults:5 | Identified the +4 falchion of Bread {freeze, +Blink Str+4}
 54594 | Vaults:5 | Identified the amulet of Foolhardiness {Reflect Str+5 SH+5}
 54776 | Vaults:5 | Received a gift from Okawaru
 54899 | Vaults:5 | Identified the +0 pair of gloves of Okawaru's Benevolence
                  | {rC+ rN+ Stlth+} (Okawaru gifted it to you on level 5 of
                  | the Vaults)
 54899 | Vaults:5 | Received a gift from Okawaru
 55232 | Vaults:5 | Identified the ring of the Shining Light {Fly rF+ rCorr}
 55312 | Vaults:5 | Reached XP level 23. HP: 232/234 MP: 24/24
 55333 | Vaults:5 | Identified the +9 war axe "Satwie" {drain, rN+ rCorr Str+4}
 55416 | Vaults:5 | Found the +8 longbow "Zephyr" {speed, Dex+3 SInv}
 55434 | Vaults:5 | Identified the +6 war axe "Mugeacwi" {spect, rPois}
 55435 | Vaults:5 | Identified the +9 hand crossbow of Fuanuigg {venom, rF+++
                  | rC- Str+4}
 55439 | Vaults:5 | Got the Volume of the Glacier
 55776 | Vaults:5 | Got a silver rune of Zot
 57080 | Depths:1 | Entered Level 1 of the Depths
 57286 | Depths:1 | Found a broken altar of Ashenzari.
 57482 | Depths:1 | Found a runed translucent door.
 57482 | Depths:1 | Received a gift from Okawaru
 57522 | Depths:1 | Identified the +3 robe of the Dwarven Hall {Drain rN++ MP+9
                  | Int+2}
 57817 | Depths:1 | Found a gateway to Hell.
 59094 | Crypt:1  | Entered Level 1 of the Crypt
 60375 | Crypt:1  | Received a gift from Okawaru
 61120 | Crypt:3  | Entered Level 3 of the Crypt
 61154 | Crypt:3  | Found a staircase to the Tomb.
 61156 | Crypt:3  | Identified the +8 mace of Siqutyret {protect, rN+ SInv}
 61307 | Crypt:3  | Identified the +4 falchion of Reapportionment {flame, rN+
                  | rCorr Int+5}
 61451 | Crypt:3  | Received a gift from Okawaru
 61635 | Crypt:3  | Identified the +1 pair of boots of Untruth {Str+4 Dex+6}
 62041 | Crypt:3  | Reached XP level 24. HP: 247/247 MP: 12/24
 62048 | Crypt:3  | Reached skill level 27 in Long Blades
 62624 | Crypt:3  | Got the Disquisition on Orientation and the Volcanoes
 62994 | Depths:2 | Noticed the Enchantress
 63007 | Depths:1 | Killed the Enchantress
 63134 | Depths:1 | Received a gift from Okawaru
 63165 | Depths:1 | Reached skill level 27 in Fighting
 63194 | Depths:2 | Reached skill level 15 in Dodging
 63658 | Depths:2 | Found a transporter.
 63660 | Depths:2 | Found a transporter.
 63683 | Depths:2 | Noticed a juggernaut
 63683 | Depths:2 | Noticed a juggernaut
 63687 | Depths:2 | Noticed Jannitor's ghost (journeyman GrFi)
 63691 | Depths:2 | Found a bloodstained altar of Trog.
 63737 | Depths:2 | Found a one-way gate to the infinite horrors of the Abyss.
 63970 | Depths:2 | Found a one-way gate leading to the halls of Pandemonium.
 64187 | Depths:3 | Found Quebaka's Assorted Antiques.
 64348 | Depths:3 | You are sucked into a shaft and drop 1 floor!
 64348 | Depths:4 | Entered Level 4 of the Depths
 64787 | Depths:3 | Noticed Jory
 64797 | Depths:3 | Killed Jory
 65035 | Depths:3 | Found a runed translucent door.
 65035 | Depths:3 | Found a shimmering altar of Xom.
 65035 | Depths:3 | Noticed Plog's ghost (veteran DEFE)
 65126 | Depths:3 | Found a shadowy altar of Dithmenos.
 65127 | Depths:3 | Found the +5 robe of Night {Dark Will+ SInv}
 65149 | Depths:3 | Identified the +9 shadow dragon scales of Tortured
                  | Satisfaction {-Cast rElec rC+ Slay+2 Stlth++++}
 65469 | Depths:3 | Killed Plog's ghost
 65626 | Depths:4 | Identified the +2 demon blade of Royalism {elec, rElec rC+
                  | Stlth+} (Okawaru gifted it to you on level 4 of the Depths)
 65626 | Depths:4 | Received a gift from Okawaru
 65637 | Depths:4 | Reached skill level 27 in Shields
 65666 | Depths:4 | Found a one-way gateway to a ziggurat.
 65706 | Depths:4 | Found a shimmering altar of Xom.
 65707 | Depths:4 | Found a glowing golden altar of the Shining One.
 65707 | Depths:4 | Noticed a juggernaut
 65744 | Depths:4 | Killed a juggernaut
 65745 | Depths:4 | Reached skill level 10 in Stealth
 65764 | Depths:4 | Reached XP level 25. HP: 209/257 MP: 25/25
 65928 | Depths:4 | Identified the +1 plate armour of Gestures {Rampage rElec
                  | Dex-4 Stlth+} (Okawaru gifted it to you on level 4 of the
                  | Depths)
 65928 | Depths:4 | Received a gift from Okawaru
 65972 | Depths:4 | Identified the +12 battleaxe of the Wilderness {drain,
                  | *Slow rElec rC+ Stlth+}
 66153 | Depths:4 | Found a shimmering altar of Xom.
 67436 | Vaults:3 | You paid a toll of +3 gold dragon scales to enter a
                  | treasure trove
 67437 | Trove    | Entered a treasure trove
 67457 | Trove    | Identified the +10 great mace of the Sky {vorpal, rElec}
 67463 | Trove    | Identified the ring "Lucw" {+Blink rCorr Int+4}
 67467 | Trove    | Identified the +4 flail "Anaod" {chaos, rPois MP+9 Str-4
                  | Int-3}
 68334 | Depths:4 | Identified the +6 flail of the Firefly {venom, MP+9 Dex+6}
 68585 | Depths:4 | Found a gate to the Realm of Zot.
 68659 | Zot:1    | Entered Level 1 of the Realm of Zot
 69228 | Zot:1    | Found the +4 dragonskin cloak
 69228 | Zot:1    | Noticed Tiamat
 69256 | Zot:1    | Demolished by Tiamat

Illustrated notes

Levels and vault maps discovered:
D:1:      lightli_iron_boxes, layout_basic, minmay_worlds_worst_comb
D:2:      layout_basic, basic_altar, serial_shops, nicolae_lakefront_shop,
          nicolae_shop_crystal, nicolae_shop_window_shopping,
          amcnicky_mini_rare_corridor_liquid, hangedman_decor_growths,
          st_stairs_5, uniq_robin
D:3:      layout_basic, lightli_sewer_entry_pipes, small_statue_intersection,
          chequers_big_river, serial_park_tiny_2
D:4:      layout_rooms, elyvilon_altar_1, minmay_temple_entry_proselytizer,
          minmay_misc_feat_encased, uniq_crazy_yiuf_cottage, uniq_blork_the_orc
D:5:      layout_cave_pods, cheibriados_altar_1, serial_shops,
          kennysheep_little_box, uniq_ijyb
D:6:      layout_cave_pools, bloody_trog, overflow_temple_1_default,
          chequers_temple_overflow_minitemple, hangedman_decor_lopped,
          minmay_misc_feat_secret_circle
D:7:      layout_cave_pools, kennysheep_orc_sif_temple,
          mainiacjoe_overflow_boulevard, kennysheep_potato, uniq_menkaure
D:8:      layout_loops_ring, lightli_temple_of_fire, serial_shops,
          nicolae_shop_waterfront, nicolae_shop_behind_doors,
          nicolae_shop_crystal, shop, enter_bailey_6
D:9:      layout_irregular_city, tso_altar, nicolae_vehumet_radiance,
          gammafunk_ghost_hive
D:10:     layout_basic, nicolae_wu_jian_wuxing_cycle, lair_entry_dummy,
          ploomutoo_gammafunk_ghost_potion_laboratory
D:11:     minmay_bubble_buster, layout_long_grid, david_orc_2,
          maelrawn_ghost_gauntlet_escape,
          portal_ice_cave_entry_animals_and_master
D:12:     layout_gridville, uniq_psyche
D:13:     layout_long_grid, nicolae_yredelemnul_corpse_copse
D:14:     layout_roguey [special_room_bee], david_vaults_2,
          minmay_misc_feat_diagonals, fedhas_altar_1, uniq_louise
D:15:     gammafunk_enter_depths_forms, layout_basic, okawaru_ov_weapons_minmay,
          chequers_serial_rivers_large_a, minmay_misc_feat_enclosed
Temple:   compressed_dpeg_triangle_lava_temple
Lair:1:   layout_regular_city
Lair:2:   layout_roguey, minmay_snake_entry_six_corridors, uniq_sonja
Lair:3:   layout_loops_ring, minmay_shoals_entry_centaurs, columned_hall_lemuel,
          lemuel_fruit_fields
Lair:4:   nzn_winding_woodlands_cross [nzn_winding_woodlands_5x15_garden,
          nzn_winding_woodlands_5x15_default, nzn_winding_woodlands_5x15_jagged,
          nzn_winding_woodlands_5x15_cabin,
          nzn_winding_woodlands_15x15_five_gardens], layout_regular_city,
          serial_bayou, serial_bayou_lake_a, serial_bayou_pond_a,
          serial_bayou_crossing, serial_bayou_pond_b, minivault_26,
          kennysheep_snail_temple
Lair:5:   layout_loops_ring, infiniplex_staircase_pool, lemuel_fruit_fields,
          lemuel_fruit_fields, grunt_megastairs_5, uniq_josephine
Lair:6:   minmay_lair_end_frog_pond, layout_concentric_octagons,
          minmay_slime_entry_eyes, serial_bayou_shore_a, lemuel_fruit_tree
Shoals:1: layout_shoals, serial_shops, nicolae_shop_waterfront, abandoned_shop,
          dpeg_stationary_puzzle
Shoals:2: layout_shoals, uniq_polyphemus, uniq_jorgrun
Shoals:3: layout_shoals, minmay_shop_mayhem, uniq_ilsuiw
Shoals:4: shoals_end_hellmonk_storm_palace [storm_palace_center_ruins,
          storm_palace_corner_blocked, storm_palace_corner_reverse_hut,
          storm_palace_corner_pillars, storm_palace_corner_altar]
Snake:1:  layout_honeycomb, uniq_rupert
Snake:2:  cheibrodos_toxic_ritual, layout_rooms, serial_corexii_hall,
          corexii_hall_statues_t, corexii_hall_statues_i, uniq_aizul,
          uniq_asterion, uniq_saint_roka
Snake:3:  layout_layer_cave
Snake:4:  grunt_snake_rune_serpentine_throne, layout_misc_corridors,
          serial_shops, nicolae_shop_behind_doors, minmay_shop_star
Orc:1:    layout_caves, nicolae_shop_gadgets, uniq_fannar, uniq_erolcha
Orc:2:    st_orc_congregation, layout_diamond_mine
Elf:1:    layout_loops_corners, lightli_enter_wizlab_magi_temple,
          minmay_elf_annihilation, nicolae_elf_glass_and_crystal_pillar_1,
          nicolae_elf_double_double_double_trouble
Elf:2:    elven_hall_of_blades_hangedman_original
          [nicolae_blade_entry_crossed_weapons], layout_geoelf_diagonals,
          basic_altar, serial_shops, nicolae_shop_trees
Elf:3:    minmay_elf_hall_statues, layout_geoelf_octagon, serial_shops,
          nicolae_shop_advertising_works [nicolae_subvault_shop_adworks],
          minmay_elf_sorcery
Vaults:1: vaults_mumra_chevron_long, vaults_room_hangedman_quadrants,
          nicolae_vaults_ninety_degrees, v_misc_5,
          nicolae_vaults_network_periphery, v_pattern_5,
          vaults_standard_mumra_enter_the_diamond, hangedman_vaults_locks,
          ontoclasm_vaults_idyll, layout_vaults_omnicross
Vaults:2: vaults_room_octagon, st_more_cells, nicolae_vaults_shelves_hall,
          v_misc_27, nicolae_vaults_specimen_jars, vaults_room_corners,
          vaults_room_door_ring, dpeg_vaults_monster_box,
          layout_vaults_omnigrid, minmay_crypt_entry_necro_gods
Vaults:3: v_misc_9, ontoclasm_vaults_pinch, nicolae_vaults_network_s, v_misc_19,
          nicolae_vaults_an_arrangement, ontoclasm_vaults_spin, v_rooms_4,
          grunt_vaults_funnel, nicolae_vaults_shelves_hall, vaults_room_pools,
          ontoclasm_vaults_twist, nicolae_vaults_gold_heap, layout_vaults_ring,
          nicolae_trove_entry_columns
Vaults:4: ebering_ghost_rock_garden, nicolae_vaults_little_squares_2,
          kb_rosetta, hangedman_vaults_slither, vaults_dpeg_doors,
          hangedman_vaults_corner_blocks, nicolae_vaults_network_quinsquares
          [nicolae_vaults_network_quincunx_subvault,
          nicolae_vaults_network_quincunx_subvault,
          nicolae_vaults_network_quincunx_subvault,
          nicolae_vaults_network_quincunx_subvault], vaults_room_ringed_pool,
          layout_vaults_maze_snakey, serial_shops, freezing_bzr
Vaults:5
Crypt:1:  layout_chaotic_city, corexii_leaking_fountain
Crypt:2:  layout_basic, lemuel_elevator, grunt_megastairs_3
Crypt:3:  due_elkab, layout_chaotic_city, feat_on_display
Depths:1: layout_basic, cheibrodos_ashenzari_chains, hell_entry,
          kennysheep_cross_bottleneck, minmay_hidden_floor
Depths:2: lemuel_troll_bridge, layout_cave_shapes, rand_demon_pan_entry_9,
          grunt_hell_entry_dis_mu, gammafunk_ghost_wrathful_warriors,
          abyss_entry, infiniplex_staircase_pool_2, uniq_enchantress
Depths:3: regret_index_dithmenos_brocken_genspenst, layout_gridlike,
          hangedman_coc_ice_floe, hangedman_decor_riveting,
          hangedman_abyss_entry_splay, serial_shops, shop, ebering_ghost_xom,
          infiniplex_staircase_diamond, uniq_jory
Depths:4: hangedman_slaughterboxes, hell_entry, pan_entry, abyss_entry
Zot:1:    layout_twisted_circle, uniq_tiamat

Skill      XL: |  1  2  3  4  5  6  7  8  9 10 11 12 13 14 15 16 17 18 19 20 21 22 23 24 25 |
---------------+----------------------------------------------------------------------------+-----
Armour         | 4 5 6 8 9 10 11 12 13 14 15 16 17 19 20 | 20.3
Fighting       | 4 5 6 7 8 10 12 13 15 17 19 20 21 22 23 24 25 26 27 | 27.0
Long Blades    | 3 4 5 7 9 10 13 14 15 16 17 18 20 21 22 23 24 25 26 27 | 27.0
Shields        | 4 5 6 7 8 10 12 13 15 16 17 18 19 21 22 23 25 27 | 27.0
Dodging        | 1 3 4 5 6 7 8 9 10 11 12 13 14 15 17 | 17.2
Evocations     | 1 2 |  2.7
Invocations    | 1 2 3 4 |  4.3
Stealth        | 1 2 3 4 5 6 7 10 | 10.9
Axes           | 2 |  2.5

Action                   |  1- 3 |  4- 6 |  7- 9 | 10-12 | 13-15 | 16-18 | 19-21 | 22-24 | 25-27 || total
-------------------------+-------+-------+-------+-------+-------+-------+-------+-------+-------++-------
Melee: Long sword        |    86 |   220 |   206 |    89 |       |       |       |       |       ||   601
       Headbutt          |     9 |    25 |    50 |   126 |   250 |   275 |   491 |   607 |   109 ||  1942
       Falchion          |       |       |   137 |   188 |       |       |       |       |       ||   325
       Katana            |       |       |       |   300 |  1231 |  1228 |  1706 |   864 |   206 ||  5535
       War axe           |       |       |       |     8 |       |       |       |       |       ||     8
       Double sword      |       |       |       |       |       |       |   271 |  1062 |   110 ||  1443
Invok: Heroism           |       |       |     4 |     9 |     3 |    18 |     3 |    12 |     1 ||    50
Evoke: Wand              |       |       |    10 |     9 |       |       |       |     9 |     1 ||    29
  Use: Scroll            |       |     4 |     6 |     6 |    10 |     7 |    19 |     5 |     6 ||    63
       Potion            |       |       |     2 |     6 |     3 |     4 |       |       |       ||    15
 Stab: Invisible         |       |       |       |     2 |       |       |       |       |       ||     2
       Sleeping          |       |       |       |       |     1 |    10 |    18 |    42 |     4 ||    75
       Distracted        |       |       |       |       |       |     2 |     8 |    11 |     2 ||    23
Armor: Scale mail        |    60 |     6 |    87 |   199 |   122 |       |       |       |       ||   474
       Chain mail        |       |   103 |    58 |       |       |       |       |       |       ||   161
       Plate armour      |       |       |       |       |   203 |    53 |       |       |       ||   256
       Quicksilver drago |       |       |       |       |       |   140 |   330 |       |       ||   470
       Shadow dragon sca |       |       |       |       |       |       |    26 |   570 |    69 ||   665
Dodge: Dodged            |    60 |   133 |   155 |   230 |   315 |   332 |   857 |  1127 |   190 ||  3399
Block: Buckler           |    26 |    55 |    77 |    73 |   448 |   513 |  1274 |  1630 |   258 ||  4354
       Tower shield      |       |       |       |   154 |   211 |       |       |       |       ||   365
